 Dungeon Crawl Stone Soup version 0.29.1-1-gd02db6906a (webtiles) character file.

Game seed: 3205729263103536417

32 NullDivider the Stinger (level 3, 0/21 HPs)
             Began as an Octopode Venom Mage on Sept 24, 2022.
             Succumbed to an adder's poison
             ... on level 2 of the Dungeon.
             The game lasted 00:06:08 (1345 turns).

NullDivider the Stinger (Octopode Venom Mage)       Turns: 1345, Time: 00:06:09

Health: 0/21       AC:  1    Str:  7    XL:     3   Next: 25%
Magic:  2/6        EV: 13    Int: 19    God:
Gold:   77         SH:  0    Dex: 12    Spells: 3/6 levels left

rFire   . . .      SeeInvis .   (no weapon)
rCold   . . .      Faith    .   (no shield)
rNeg    . . .      Spirit   .   (helmet restricted)
rPois   .          Reflect  .   (no amulet)
rElec   .          Harm     .   (no ring)
rCorr   .          Rampage  .   (no ring)
Will    .....                   (no ring)
Stlth   +++.......              (no ring)
HPRegen 0.07/turn               (no ring)
MPRegen 0.10/turn               (no ring)
                                (no ring)
                                (no ring)

@: mighty, lethally poisoned (0 -> -4)
A: almost no armour, amphibious, 8 rings, camouflage 1, gelatinous body 1,
(nimble swimmer 1), tentacles
a: no special abilities


You were on level 2 of the Dungeon.
You visited 1 branch of the dungeon, and saw 2 of its levels.

You collected 77 gold pieces.

Inventory:

Jewellery
 b - a ring of fire
Potions
 a - a potion of magic
 c - a potion of might


   Skills:
 * Level 2.4 Dodging
 * Level 3.2 Stealth
 * Level 2.3 Spellcasting
 - Level 1.2 Transmutations
 + Level 0.1 Air Magic
 * Level 4.1 Poison Magic


You had 3 spell levels left.
You knew the following spells:

 Your Spells              Type           Power      Damage    Failure   Level
a - Sting                 Tmut/Pois      48%        1d5       5%          1
b - Poisonous Vapours     Pois/Air       20%        N/A       11%         2

Your spell library contained the following spells:

 Spells                   Type           Power      Damage    Failure   Level
 Mephitic Cloud           Conj/Pois/Air  7%         N/A       26%         3
 Olgreb's Toxic Radiance  Pois           17%        N/A       30%         4


Dungeon Overview and Level Annotations

Branches:
Dungeon (2/15)

Altars:
Fedhas


Innate Abilities, Weirdness & Mutations

You cannot wear most types of armour.
You are amphibious.
You can wear up to eight rings at the same time.
Your skin changes colour to match your surroundings (Stealth+).
Your rubbery body absorbs attacks. (AC +1, EV +1)
((You are camouflaged when in or above water. (Stealth+)))
You have tentacles for arms and can constrict up to eight enemies at once.


Message History

The adder looks even sicker.
The adder is lightly wounded.
The adder barely misses you.
You closely miss the adder. Your grab misses the adder.
The adder is lightly wounded.
The adder closely misses you.
You tentacle-slap the adder but do no damage.
Your grab misses the adder. Your squeeze misses the adder.
The adder is lightly wounded.
The adder misses you. The adder bites you.
You are poisoned.
The adder poisons you!
You barely miss the adder. Your grab misses the adder.
The adder is moderately wounded.
You feel sick. The adder bites you.
You are lethally poisoned!
The adder poisons you!
You are too injured to fight recklessly!
You tentacle-slap the adder. Your grab misses the adder.
The adder is severely wounded.
* * * LOW HITPOINT WARNING * * *
You feel very sick. The adder barely misses you.
You tentacle-slap the adder.
You kill the adder!
* * * LOW HITPOINT WARNING * * *
You feel sick.
You have reached level 3!
Your experience leads to an increase in your attributes!
Increase (S)trength, (I)ntelligence, or (D)exterity?
You feel clever. x2
It was a potion of might.
You feel very mighty all of a sudden.
* * * LOW HITPOINT WARNING * * *
You feel sick.
* * * LOW HITPOINT WARNING * * *
You feel sick.
* * * LOW HITPOINT WARNING * * *
You feel sick.
You die...

####...# #.# #.# #.#
#.#
################.#
#................#
#................#
###.<..............#
#
#....###############
# ####....# #
.......@# #
........# .#.#...$#
........# ##
.#.#....# .##
........# ..#
..##..... ### ..
##.### ...


There were no monsters in sight!

Vanquished Creatures
  An adder (D:2)
  2 ball pythons
  3 endoplasms
  3 hobgoblins (D:1)
  2 quokkas (D:1)
  A bat (D:1)
  2 frilled lizards
  4 goblins (D:1)
  5 rats
23 creatures vanquished.

Notes
Turn   | Place    | Note
-------+----------+-------------------------------------------
     0 | D:1      | NullDivider the Octopode Venom Mage began the quest for the
                  | Orb.
     0 | D:1      | Reached XP level 1. HP: 11/11 MP: 3/3
   290 | D:1      | Reached XP level 2. HP: 16/17 MP: 0/5
   293 | D:1      | Learned a level 2 spell: Poisonous Vapours
  1052 | D:2      | Found a blossoming altar of Fedhas.
  1090 | D:2      | Reached skill level 4 in Poison Magic
  1342 | D:2      | Reached XP level 3. HP: 3/21 MP: 1/6
  1344 | D:2      | HP: 1/21 [poisoned by an adder]
  1345 | D:2      | Succumbed to an adder's poison

Illustrated notes

Levels and vault maps discovered:
D:1:      evilmike_arrival_grusome_pit, layout_loops_ring
D:2:      layout_rooms, basic_altar, serial_shops, shop,
          serial_co_window_serial, co_window_of_opportunity_a,
          co_window_paths_b, co_window_corner_a, co_window_paths_a,
          co_window_paths_a, co_window_paths_a, co_window_paths_a,
          co_window_corner_ca, co_window_unsneaky_path_a, co_window_broadway_a,
          co_window_broadway_a, co_window_of_opportunity_c,
          co_window_broadway_a, co_window_4corner_b, glass_columns_a,
          glass_columns_c, glass_columns_c, glass_columns_a, glass_columns_b,
          minivault_5

Skill      XL: |  1  2 |
---------------+-------+-----
Stealth        | 3 |  3.2
Poison Magic   | 4 |  4.1
Dodging        | |  2.4
Spellcasting   | |  2.3
Transmutations | |  1.2
Air Magic      | |  0.1

Action                   || total
-------------------------++-------
Melee: Unarmed           ||    27
       Constrict         ||     7
       Tentacles         ||     5
 Cast: Sting             ||    36
       Poisonous Vapours ||     1
  Use: Potion            ||     1
Armor: Skin              ||     1
Dodge: Dodged            ||    17
